 Dungeon Crawl Stone Soup version 0.31-a0-75-g6fe912e8c5 (webtiles) character file.

Game seed: 17116960289887854709

1078 tilp the Sneak (level 8, -4/60 HPs)
             Began as a Vampire Enchanter on May 23, 2023.
             Splashed by a jelly's acid (8 damage)
             ... on level 4 of the Dungeon.
             The game lasted 00:08:51 (5214 turns).

tilp the Sneak (Vampire Enchanter)                  Turns: 5214, Time: 00:08:52

Health: -4/60      AC: -9    Str:  7    XL:     8   Next: 8%
Magic:  12/14      EV: 14    Int: 18    God:
Gold:   152        SH:  0    Dex: 22    Spells: 4/15 levels left

rFire   . . .        a - +1 dagger
rCold   . . .        (no shield)
rNeg    . . .        b - +0 robe
rPois   .            (no helmet)
rElec   .            (no cloak)
rCorr   .            (no gloves)
SInv    +            l - +0 pair of boots
Will    +....        (no amulet)
Stlth   ++++         j - ring of willpower
HPRegen 0.50/turn    k - +6 ring of dexterity
MPRegen 0.14/turn

%: no passive effects
@: about to teleport, corroded, healing quickly
A: alive, fangs 3, see invisible, vampiric 2
a: Exsanguinate


You were on level 4 of the Dungeon.
You visited 2 branches of the dungeon, and saw 6 of its levels.

You collected 321 gold pieces.
You spent 169 gold pieces at shops.

Inventory:

Hand Weapons
 a - a +1 dagger (weapon)
Missiles
 f - 29 stones (quivered)
 t - 2 boomerangs
 B - 18 poisoned darts
Armour
 b - a +0 robe (worn)
 l - a +0 pair of boots (worn)
 s - a +2 kite shield
Magical Staves
 o - a staff of fire
Jewellery
 j - a ring of willpower (left hand)
 k - a +6 ring of dexterity (right hand)
 y - a ring of ice
 D - a ring of fire
Wands
 z - a wand of polymorph (7)
Scrolls
 e - a scroll of amnesia {unknown}
 g - a scroll of acquirement {unknown}
 m - a scroll of immolation {unknown}
 n - a scroll of fear {unknown}
 q - 2 scrolls of teleportation
 r - a scroll of vulnerability
 v - a scroll of torment {unknown}
 x - a scroll of poison {unknown}
Potions
 c - 2 potions of invisibility
 d - 2 potions of attraction
 h - 2 potions of brilliance
 i - a potion of haste
 p - a potion of curing
 u - a potion of mutation {unknown}
 w - 2 potions of heal wounds
 A - a potion of magic {unknown}
 C - a potion of enlightenment {unknown}


   Skills:
 * Level 3.8 Fighting
 * Level 4.9 Short Blades
 - Level 4.0 Dodging
 + Level 6.5 Stealth
 * Level 4.4 Spellcasting
 + Level 6.3 Hexes


You had 4 spell levels left.
You knew the following spells:

 Your Spells              Type           Power      Damage    Failure   Level
a - Ensorcelled Hibernat  Hex/Ice        26%        N/A       8%          2
b - Confusing Touch       Hex            26%        N/A       3%          3
c - Tukima's Dance        Hex            26%        N/A       3%          3
d - Dazzling Flash        Conj/Hex       26%        N/A       14%         3

Your spell library contained the following spells:

 Spells                   Type           Power      Damage    Failure   Level
 Fulminant Prism          Conj/Hex       6%         3d7       43%         4
 Volatile Blastmotes      Fire/Tloc      2%         2d10      47%         3
 Animate Armour           Summ/Erth      2%         N/A       87%         4
 Iskenderun's Mystic Bla  Conj/Tloc      1%         2d3       87%         4
 Blade Hands              Tmut           1%         N/A       98%         5
 Lee's Rapid Deconstruct  Erth           1%         3d4*      98%         5
 Iron Shot                Conj/Erth      0%         9d1       100%        6
 Starburst                Conj/Fire      0%         6d3       100%        6


Dungeon Overview and Level Annotations

Branches:
Dungeon (5/15)             Temple (1/1) D:4

Altars:
Dithmenos
Fedhas
Gozag
Hepliaklqana
Nemelex Xobeh
Okawaru
Ru
Trog
Vehumet
Xom
Yredelemnul

Shops:
D:1 :([?


Innate Abilities, Weirdness & Mutations

Your natural rate of healing is accelerated.
You have razor-sharp teeth.
You have supernaturally acute eyesight. (SInv)
You are afflicted with vampirism and can become a bat while bloodless.


Message History

There is a stone staircase leading up here.
There are monsters nearby!
The orc shouts!
The orc wizard shouts!
The orc shouts!
The jelly quivers.
An orc comes into view. It is wielding a +0 flail.
The jelly hits you. The acid corrodes you!
You are splashed with acid!
The orc shouts!
You hit the jelly. The acid corrodes you!
Your hands burn!
The jelly is lightly wounded.
The jelly hits you.
You are splashed with acid!
The jelly attacks as you move away! The jelly hits you. The acid corrodes you!
You are splashed with acid!
The orc hits you with a +0 club. The orc attacks as you move away!
The orc closely misses you.
The orc wizard hits you with a +0 dagger.
There is a stone staircase leading up here.
The orc hits you with a +0 club.
* * * LOW HITPOINT WARNING * * *
The orc wizard barely misses you. The jelly barely misses you.
The adder barely misses you.
You climb upwards.
There is a stone staircase leading down here.
Unknown command.
Casting: Ensorcelled Hibernation (safe; 8% risk of failure)
Confirm with . or Enter, or press ? or * to list all spells.
Aiming: Ensorcelled Hibernation (safe; 8% risk of failure)
Press: ? - help, Shift-Dir - straight line, f - orc
Aim: an orc, wielding a +0 club (chance to affect: 64%)
The orc struggles to resist.
The orc wizard misses you. The jelly hits you.
* * * LOW HITPOINT WARNING * * *
You are splashed with acid!
* * * LOW HITPOINT WARNING * * *
The orc closely misses you.
As you read the scroll of teleportation, it crumbles to dust.
You feel strangely unstable.
The orc wizard hits you with a +0 dagger.
* * * LOW HITPOINT WARNING * * *
The jelly hits you.
* * * LOW HITPOINT WARNING * * *
You are splashed with acid!
You die...

############# #.........oJ#
#.#########@# ##############
#.# #o###............. #.#
#o........######## ##.##
#####.###.########
###...########.......)...#.....
#..................###.#.#.####
#.#...########.##### #.#.#.#
#.##..# #.# #.#.#.# #.###.# #.#
#.#.#.#


You could see a jelly, an orc wizard and 2 orcs.

Vanquished Creatures
  Pikel (D:4)
  An ogre (D:4)
  A lemure (D:4)
  A kobold brigand (D:4)
  2 scorpions (D:5)
  A howler monkey (D:4)
  A jelly (D:4)
  A hound (D:4)
  An iguana (D:5)
  5 gnolls
  7 adders
  2 worms
  5 dart slugs
  7 orcs
  6 endoplasms
  A giant cockroach (D:2)
  2 hobgoblins (D:3)
  10 jackals
  3 quokkas
  9 ball pythons
  3 bats
  8 frilled lizards
  11 goblins
  3 kobolds
  3 rats
95 creatures vanquished.

Notes
Turn   | Place    | Note
-------+----------+-------------------------------------------
     0 | D:1      | tilp the Vampire Enchanter began the quest for the Orb.
     0 | D:1      | Reached XP level 1. HP: 13/13 MP: 3/3
   142 | D:1      | Found Dacliuc's Book Emporium.
   172 | D:1      | Reached XP level 2. HP: 20/20 MP: 5/5
   175 | D:1      | Learned a level 2 spell: Ensorcelled Hibernation
   248 | D:1      | Found Myllablef's Antique Weapon Emporium.
   423 | D:1      | Found Eggyan's Magic Scroll Boutique.
   589 | D:1      | Found Upsawnem's Armour Shop.
   807 | D:1      | Bought a scroll of identify for 26 gold pieces
   989 | D:2      | Reached skill level 1 in Fighting
   989 | D:2      | Gained mutation: You are afflicted with vampirism and can
                  | become a bat while bloodless. [Vampire growth]
   989 | D:2      | Reached XP level 3. HP: 26/26 MP: 6/6
   993 | D:2      | Learned a level 3 spell: Confusing Touch
  1611 | D:1      | Bought a scroll of vulnerability for 52 gold pieces
  1611 | D:1      | Bought a scroll of teleportation for 39 gold pieces
  1832 | D:3      | Reached XP level 4. HP: 28/32 MP: 0/7
  1873 | D:3      | Learned a level 3 spell: Tukima's Dance
  2573 | D:3      | Found a hazy altar of Hepliaklqana.
  2574 | D:3      | Found a shimmering altar of Xom.
  2575 | D:3      | Noticed a spectral ugly thing
  2784 | D:3      | Reached skill level 5 in Stealth
  2851 | D:3      | Reached skill level 5 in Hexes
  3292 | D:1      | Bought a scroll of identify for 26 gold pieces
  3292 | D:1      | Bought a scroll of identify for 26 gold pieces
  3379 | D:4      | Noticed a lemure
  3380 | D:4      | Noticed Pikel
  3380 | D:4      | Noticed a lemure
  3393 | D:4      | Killed a lemure
  3546 | D:4      | Reached XP level 5. HP: 38/38 MP: 3/9
  3743 | D:4      | Found a staircase to the Ecumenical Temple.
  3774 | Temple   | Entered the Ecumenical Temple
  3919 | D:4      | Noticed a lemure
  3920 | D:4      | Noticed a lemure
  3931 | D:4      | Killed Pikel
  3932 | D:4      | Reached XP level 6. HP: 40/47 MP: 1/11
  3932 | D:4      | Reached XP level 7. HP: 44/52 MP: 1/12
  3937 | D:4      | Learned a level 3 spell: Dazzling Flash
  4541 | D:4      | Found a blossoming altar of Fedhas.
  5019 | D:5      | Entered Level 5 of the Dungeon
  5097 | D:5      | Reached XP level 8. HP: 60/60 MP: 14/14
  5214 | D:4      | Splashed by a jelly's acid

Illustrated notes

Levels and vault maps discovered:
D:1:      grunt_arrival_lava_bath, layout_basic, serial_shops,
          nicolae_shop_back_alley_shop, shop, nicolae_shop_peninsula, shop
D:2:      layout_loops_cross
D:3:      minmay_inner_zag, layout_basic, regret_index_temple_of_mockery
D:4:      layout_loops_ring, fedhas_altar_1, minmay_temple_entry_glassed_door,
          uniq_pikel
D:5:      wad_river_or_something, layout_basic, cheibrodos_ashenzari_chains,
          grunt_ministairs_13
Temple:   jpeg_temple_clearing

Skill      XL: |  1  2  3  4  5  6  7 |
---------------+----------------------+-----
Fighting       | 1 3 |  3.8
Short Blades   | 2 4 |  4.9
Stealth        | 5 6 |  6.5
Hexes          | 5 6 |  6.3
Dodging        | 3 4 |  4.0
Spellcasting   | 3 4 |  4.4

Action                     |  1- 3 |  4- 6 |  7- 9 || total
---------------------------+-------+-------+-------++-------
  Melee: Dagger            |    78 |    75 |    39 ||   192
         Bite              |     6 |     6 |     3 ||    15
         Punch             |       |     1 |       ||     1
   Cast: Ensorcelled Hiber |    12 |    45 |    32 ||    89
         Confusing Touch   |       |       |     3 ||     3
    Use: Scroll            |     2 |     2 |     2 ||     6
   Stab: Sleeping          |    25 |    28 |    14 ||    67
         Confused          |       |       |     3 ||     3
 Armour: Robe              |    15 |    10 |     5 ||    30
  Dodge: Dodged            |    44 |    51 |    48 ||   143

Table legend: (Time is in decaauts)
 A = Elapsed time spent in this place.
 B = Non-inter-level travel time spent in this place.
 C = Inter-level travel time spent in this place.
 D = Time resting spent in this place.
 E = Time spent auto-exploring this place.
 F = Levels seen in this place.
 G = Mean time per level.
                   A        B        C        D        E       F      G
               +--------+--------+--------+--------+--------+-----+--------+
         Total |   5196 |   4525 |    671 |    123 |   3485 |   6 |  866.0 |
       Dungeon |   5053 |   4400 |    653 |    123 |   3372 |   5 | 1010.6 |
        Temple |    142 |    124 |     18 |      0 |    113 |   1 |  142.0 |
               +--------+--------+--------+--------+--------+-----+--------+

Top non-repeatable levels by time:
     D:4: 1551 daAuts
     D:3: 1523 daAuts
     D:1: 1077 daAuts
     D:2: 794 daAuts
  Temple: 142 daAuts
     D:5: 106 daAuts
